 Dungeon Crawl Stone Soup version 0.24-a0-139-geb6712d (webtiles) character file.

Game seed: 0

552295 toffzen the Conqueror (level 25, -13/234 HPs)
             Began as a Mummy Fighter on Feb 28, 2019.
             Was a High Priest of Okawaru.
             Killed from afar by an Ice Fiend (17 damage)
             ... with a bolt of cold
             ... summoned by an ancient lich
             ... on level 3 of the Crypt on Mar 3, 2019.
             The game lasted 05:18:05 (103805 turns).

toffzen the Conqueror (Mummy Fighter)             Turns: 103805, Time: 05:18:05

Health: -13/234    AC: 26    Str: 27      XL:     25   Next: 59%
Magic:  0/28       EV: 18    Int:  5 (13) God:    Okawaru [*****.]
Gold:   5281       SH: 23    Dex: 12 (15) Spells: 23/24 levels left

rFire    + . .     SeeInvis .   a - +12 mace of the Pits of Slime {pain, rElec MR+ Int+5}
rCold    + . .     Gourm    .   v - +2 large shield
rNeg     + + +     Faith    .   O - +2 plate armour {rF+}
rPois    ∞         Spirit   +   Z - +2 hat {MR+}
rElec    +         Reflect  .   i - scarf {Spirit}
rCorr    .         Harm     .   q - +2 pair of gloves "Ceuxzeod" {MR+}
MR       +++++                  D - +1 pair of boots
Stlth    ..........             u - amulet of guardian spirit
HPRegen  0.49/turn              W - ring of protection from fire
MPRegen  0.21/turn              I - +5 ring of evasion

@: no status effects
A: no food or potions, fire vulnerability, cold resistance 1, negative energy
resistance 3, torment resistance, unbreathing, in touch with death 1
}: 2/15 runes: decaying, serpentine
a: Heroism, Finesse, Renounce Religion


You were on level 3 of the Crypt.
You worshipped Okawaru.
Okawaru was extremely pleased with you.
You were not hungry.

You visited 10 branches of the dungeon, and saw 47 of its levels.
You visited the Abyss 2 times.
You also visited: Ice Cave.

You collected 6933 gold pieces.
You spent 1652 gold pieces at shops.

Inventory:

Hand Weapons
 a - the +12 mace of the Pits of Slime (weapon) {pain, rElec MR+ Int+5}
   (You took it off a deep elf mage on level 3 of the Elven Halls)

   In the hands of one skilled in necromantic magic, it inflicts extra damage on
   living creatures.
   It affects your intelligence (+5).
   It insulates you from electricity.
   It affects your resistance to hostile enchantments.
 b - the +5 hand crossbow of Okawaru's Displeasure {venom, rElec rPois Str-4 Int+7}
   (Okawaru gifted it to you on level 9 of the Dungeon)

   It poisons the ammo it fires.
   It affects your strength (-4).
   It affects your intelligence (+7).
   It insulates you from electricity.
   It protects you from poison.
 c - a +8 vampiric demon whip
 e - the +8 morningstar of Chain {vamp, *Contam rC++ Dex+2 Stlth+}
   (Okawaru gifted it to you on level 4 of the Vaults)

   It inflicts no extra harm, but heals its wielder when it wounds a living foe.
   It affects your dexterity (+2).
   It greatly protects you from cold.
   It causes magical contamination when unequipped.
   It makes you more stealthy.
 y - a +1 vampiric demon whip
 F - the +11 plutonium sword {*Contam Stlth-}
   (You took it off a deep elf archer on level 3 of the Elven Halls)

   It causes magical contamination when unequipped.
   It makes you less stealthy.
 T - the +9 hunting sling of Fumukk {venom, rElec rPois MR- Int+4}
   (Okawaru gifted it to you on level 6 of the Lair of Beasts)

   It poisons the ammo it fires.
   It affects your intelligence (+4).
   It insulates you from electricity.
   It protects you from poison.
   It affects your resistance to hostile enchantments.
 U - the +9 hunting sling of Guilt {freeze, Int+6}
   (You took it off a naga on level 4 of the Snake Pit)

   It causes projectiles fired from it to freeze those they strike, causing
   extra injury to most foes and up to half again as much damage against
   particularly susceptible opponents.
   They can also slow down cold-blooded creatures.
   It affects your intelligence (+6).
Missiles
 d - 1385 stones (quivered)
 f - 364 sling bullets
 C - 8 throwing nets
 G - 1886 bolts
Armour
 i - a scarf of spirit shield (worn)
 q - the +2 pair of gloves "Ceuxzeod" (worn) {MR+}
   (You found it on level 3 of the Elven Halls)

   It affects your resistance to hostile enchantments.
 v - a +2 large shield (worn)
 D - a +1 pair of boots (worn)
 K - the +3 cloak of Generosity {rPois rC- MP+9}
   (Okawaru gifted it to you on level 3 of the Abyss)

   It makes you vulnerable to cold.
   It protects you from poison.
   It affects your magic capacity (+9).
 O - a +2 plate armour of fire resistance (worn)
 R - a +1 pair of gloves of dexterity
 Z - a +2 hat of magic resistance (worn)
Jewellery
 u - an amulet of guardian spirit (around neck)
 z - a +2 amulet of reflection
 H - an uncursed ring of ice
 I - a +5 ring of evasion (right hand)
 J - an uncursed ring of flight
 P - an uncursed ring of protection from fire
 Q - an uncursed ring of ice
 V - a +4 ring of protection
 W - a ring of protection from fire (left hand)
 Y - an uncursed ring of protection from magic
Wands
 h - a wand of digging (13)
 k - a wand of flame (113)
 n - a wand of iceblast (33)
 o - a wand of disintegration (78)
 s - a wand of paralysis (12)
 t - a wand of clouds (15)
 w - a wand of enslavement (18)
 A - a wand of polymorph (3)
 B - a wand of acid (16)
Scrolls
 g - 5 scrolls of immolation
 j - 3 scrolls of magic mapping
 l - 4 scrolls of teleportation
 p - 21 scrolls of remove curse
 r - 12 scrolls of enchant armour
 x - a scroll of torment
 E - 7 scrolls of blinking
 L - 2 scrolls of fear
 M - 12 scrolls of fog
 N - 11 scrolls of identify
 X - a scroll of summoning
Miscellaneous
 m - 3 boxes of beasts


   Skills:
 O Level 27 Fighting
 - Level 12.0 Maces & Flails
 - Level 8.0 Crossbows
 + Level 14.5 Armour
 + Level 14.9 Dodging
 - Level 15.3 Shields
 + Level 11.9 Necromancy
 - Level 7.0 Invocations


You had 23 spell levels left.
You knew the following spells:

 Your Spells              Type           Power        Failure   Level  Hunger
a - Animate Skeleton      Necr           N/A          10%         1    N/A

Your spell library contained the following spells:

 Spells                   Type           Power        Failure   Level  Hunger
 Pain                     Necr           ###.         10%         1    N/A
 Corpse Rot               Necr           N/A          14%         2    N/A
 Vampiric Draining        Necr           ###.......   28%         3    N/A
 Animate Dead             Necr           N/A          67%         4    N/A
 Agony                    Necr           ###.....     95%         5    N/A
 Dispel Undead            Necr           ###.....     95%         5    N/A
 Apportation              Tloc           #.....       100%        1    N/A
 Corona                   Hex            #......      100%        1    N/A
 Flame Tongue             Conj/Fire      #....        100%        1    N/A
 Infusion                 Chrm           #...         100%        1    N/A
 Magic Dart               Conj           #...         100%        1    N/A
 Summon Butterflies       Summ           #.......     100%        1    N/A
 Blink                    Tloc           N/A          100%        2    N/A
 Call Imp                 Summ           #.......     100%        2    N/A
 Ensorcelled Hibernation  Hex/Ice        #.....       100%        2    N/A
 Passwall                 Tmut/Erth      #.......     100%        2    N/A
 Searing Ray              Conj           #.....       100%        2    N/A
 Shroud of Golubria       Chrm/Tloc      #.........   100%        2    N/A
 Slow                     Hex            #.......     100%        2    N/A
 Song of Slaying          Chrm           #.......     100%        2    N/A
 Sticks to Snakes         Tmut           #.......     100%        2    N/A
 Swiftness                Chrm/Air       #.......     100%        2    N/A
 Throw Flame              Conj/Fire      #.....       100%        2    N/A
 Call Canine Familiar     Summ           #.......     100%        3    N/A
 Confuse                  Hex            #.......     100%        3    N/A
 Conjure Flame            Conj/Fire      #.......     100%        3    N/A
 Dazzling Spray           Conj/Hex       #.....       100%        3    N/A
 Inner Flame              Hex/Fire       #.......     100%        3    N/A
 Lesser Beckoning         Tloc           #.........   100%        3    N/A
 Mephitic Cloud           Conj/Pois/Air  #.......     100%        3    N/A
 Recall                   Summ/Tloc      N/A          100%        3    N/A
 Spectral Weapon          Hex/Chrm       #.......     100%        3    N/A
 Static Discharge         Conj/Air       #.......     100%        3    N/A
 Tukima's Dance           Hex            #.......     100%        3    N/A
 Cause Fear               Hex            #.........   100%        4    N/A
 Force Lance              Conj/Tloc      #.......     100%        4    N/A
 Fulminant Prism          Conj/Hex       #.........   100%        4    N/A
 Iskenderun's Mystic Bla  Conj           #.......     100%        4    N/A
 Passage of Golubria      Tloc           N/A          100%        4    N/A
 Sticky Flame             Conj/Fire      #.......     100%        4    N/A
 Summon Ice Beast         Ice/Summ       #.......     100%        4    N/A
 Alistair's Intoxication  Tmut/Pois      #.......     100%        5    N/A
 Aura of Abjuration       Summ           #.........   100%        5    N/A
 Bolt of Draining         Conj/Necr      #.........   100%        5    N/A
 Bolt of Magma            Conj/Fire/Erth #.........   100%        5    N/A
 Borgnjor's Vile Clutch   Necr/Erth      #.........   100%        5    N/A
 Excruciating Wounds      Chrm/Necr      #.........   100%        5    N/A
 Fireball                 Conj/Fire      #.........   100%        5    N/A
 Iskenderun's Battlesphe  Conj/Chrm      #.......     100%        5    N/A
 Lee's Rapid Deconstruct  Erth           #.........   100%        5    N/A
 Lightning Bolt           Conj/Air       #.........   100%        5    N/A
 Silence                  Hex/Air        #.........   100%        5    N/A
 Summon Demon             Summ           #.........   100%        5    N/A
 Summon Forest            Summ/Tloc      #.........   100%        5    N/A
 Summon Mana Viper        Hex/Summ       #.......     100%        5    N/A
 Venom Bolt               Conj/Pois      #.........   100%        5    N/A
 Yara's Violent Unravell  Hex/Tmut       #.........   100%        5    N/A
 Darkness                 Hex            #.........   100%        6    N/A
 Death Channel            Necr           ###.......   100%        6    N/A
 Deflect Missiles         Chrm/Air       #.........   100%        6    N/A
 Invisibility             Hex            #.......     100%        6    N/A
 Iron Shot                Conj/Erth      #.........   100%        6    N/A
 Shadow Creatures         Summ           N/A          100%        6    N/A
 Haunt                    Necr/Summ      #.........   100%        7    N/A
 Orb of Destruction       Conj           #.........   100%        7    N/A
 Spellforged Servitor     Conj/Summ      #.........   100%        7    N/A
 Summon Hydra             Summ           #.........   100%        7    N/A
 Discord                  Hex            #.........   100%        8    N/A
 Ignition                 Fire           #.........   100%        8    N/A
 Infestation              Necr           ###.......   100%        8    N/A
 Dragon's Call            Summ           #.........   100%        9    N/A
 Shatter                  Erth           #.........   100%        9    N/A
 Tornado                  Air            #.........   100%        9    N/A
 Sublimation of Blood     Necr           Unusable     N/A         2    N/A
 Regeneration             Chrm/Necr      Unusable     N/A         3    N/A
 Beastly Appendage        Tmut           Unusable     N/A         1    N/A
 Spider Form              Tmut/Pois      Unusable     N/A         3    N/A
 Ice Form                 Ice/Tmut       Unusable     N/A         4    N/A
 Blade Hands              Tmut           Unusable     N/A         5    N/A
 Borgnjor's Revivificati  Necr           Unusable     N/A         8    N/A
 Death's Door             Chrm/Necr      Unusable     N/A         8    N/A
 Necromutation            Tmut/Necr      Unusable     N/A         8    N/A

Dungeon Overview and Level Annotations

Branches:
Dungeon (15/15)            Temple (1/1) D:5            Lair (6/6) D:8
  Swamp (4/4) Lair:3        Snake (4/4) Lair:3        Slime (0/5) Lair:6
    Orc (2/2) D:9             Elf (3/3) Orc:2        Vaults (4/5) D:13
  Crypt (3/3) Vaults:3       Tomb (0/3) Crypt:3      Depths (5/5) D:15
    Zot (0/5) Depths:5

Altars:
Ashenzari
Cheibriados
Dithmenos
Elyvilon
Fedhas
Gozag
Hepliaklqana
Kikubaaqudgha
Makhleb
Nemelex Xobeh
Okawaru
Qazlal
Ru
Sif Muna
Trog
Uskayaw
Vehumet
Wu Jian
Xom
Yredelemnul
Zin
The Shining One
Beogh
Lugonu

Shops:
D:4 (   D:5 :   D:8 :   D:15 *   Orc:2 ?[}(   Elf:1 }}=   Vaults:2 (
Depths:3 (

Portals:
Hell: Depths:1 Depths:2 Depths:3 Depths:4 Depths:5
Abyss: Depths:1 Depths:3 Depths:4 Depths:5
Pandemonium: Depths:3
Ziggurat: Depths:2

Annotations:
D:1 exclusion: downstairs
D:14 exclusion: Roxanne, Roxanne
Elf:1 2 transporters, Qailihes's ghost, adept MiBe
Crypt:2 2 runed translucent doors, Cumameil's ghost, adept GrFi
Depths:5 exclusion: 2 upstairs


Innate Abilities, Weirdness & Mutations

You do not eat or drink.
Your flesh is vulnerable to fire.
You are immune to poison.
Your flesh is cold resistant. (rC+)
You are immune to negative energy. (rN+++)
You are immune to unholy pain and torment.
You can survive without breathing.
You are in touch with the powers of death.


Message History

The bolt of cold hits the jiangshi!
The jiangshi resists.
The jiangshi is destroyed!
The red devil hits you but does no damage.
You closely miss something.
You feel like a meek peon again.
Something touches you but does no damage.
You block the balrug's attack. The shadow demon closely misses you.
You block the cacodemon's attack. x2; Something barely misses you.
The Ice Fiend claws you but does no damage.
The Ice Fiend misses you. The balrug hits you but does no damage.
The red devil misses you.
Something touches you but does no damage.
You hit something.
You feel yourself speed up. You block the shadow demon's attack.
You block the cacodemon's attack.
The cacodemon hits you but does no damage.
Something closely misses you. The Ice Fiend gestures at you.
The bolt of cold hits you!! You resist.
You die...

##################
.................#
########.........#
#..12.4...#
##'##@2{...#########
#...#{2{...#.......#
#.####W....#.......#
###...4....'.......#
#..........#.......#
#....###)..#.......#
###.##....###'#....#
###....##...######
#....####.....'.#


You could see an Ice Fiend, a cacodemon, a balrug, a shadow demon, an ice devil,
a wraith and a red devil.

Vanquished Creatures
  Frederick (Depths:5)
  Margery (Depths:5)
  Saint Roka (Snake:2)
  3 bone dragons
  6 liches
  2 tentacled monstrosities
  Jorgrun (D:13)
  3 deep elf blademasters
  A kraken (Abyss:3)
  An ancient champion (Crypt:1)
  12 tentacled starspawn
  3 sphinxes
  Donald (Snake:2)
  Frances (D:14)
  A revenant (Crypt:1)
  2 tengu reavers
  2 shadow dragons (Depths:5)
  6 nagarajas
  The ghost of Arthanis the Scorcher, an adept DEFE of Vehumet (Elf:3)
  3 fire giants
  An iron dragon (Depths:5)
  3 deep elf sorcerers
  2 draconian scorchers (Depths:5)
  19 vault wardens
  7 frost giants
  Louise (Swamp:2)
  A balrug (Depths:5)
  2 curse skulls (Crypt:1)
  Aizul (Snake:3)
  3 deep elf elementalists
  9 stone giants
  12 ironheart preservers
  4 ghouls
  A draconian annihilator (Abyss:3)
  2 caustic shrike skeletons
  4 vampire knights
  4 war gargoyles
  3 reapers
  22 very ugly things
  6 deep elf demonologists
  Nessos (Lair:5)
  A deep elf annihilator (Elf:3)
  4 purple draconians
  A red draconian (Depths:5)
  Azrael (D:15)
  A minotaur (shapeshifter) (Vaults:2)
  12 spark wasps
  A yellow draconian (Abyss:4)
  3 green deaths
  A blizzard demon (Abyss:3)
  8 deep elf death magi
  9 ettins
  Snorg (Lair:4)
  2 eidola
  10 jiangshi
  3 crystal guardians (Crypt:3)
  3 fire dragons
  5 great orbs of eyes
  2 deep elf high priests (Elf:3)
  A quicksilver dragon skeleton (Crypt:2)
  14 vault guards
  15 yaktaur captains
  A great orb of eyes (shapeshifter) (Abyss:3)
  A monstrous demonspawn (Depths:3)
  Fannar (Orc:1)
  3 spriggan air magi (Depths:5)
  10 rakshasas
  25 hydras
  2 catoblepae
  24 naga warriors
  A merfolk avatar (Lair:6)
  17 ice dragons
  3 ghost crabs
  3 shambling mangroves
  41 two-headed ogres
  4 death knights
  7 anacondas
  16 alligators
  18 ogre magi
  5 centaur warriors
  11 deep troll shamans
  15 tengu warriors
  3 death yaks (Lair:5)
  A queen ant (shapeshifter) (D:14)
  11 deep troll earth magi
  12 vampire magi
  6 hell hogs (Abyss:3)
  10 thrashing horrors
  An orc high priest (Orc:1)
  29 dancing weapons
  4 spriggan berserkers
  5 sun demons (Depths:5)
  7 naga sharpshooters
  Urug (D:10)
  6 shock serpents
  8 wretched stars
  4 soul eaters
  The ghost of Borgoz the Cleaver, a novice GrFi of Ashenzari (D:9)
  9 iron trolls
  15 deep elf knights
  25 skeletal warriors
  4 spatial maelstroms
  A titan skeleton (Crypt:3)
  An unseen horror (shapeshifter) (Vaults:2)
  5 glowing orange brains
  37 hell knights
  2 salamander mystics
  2 sixfirhies
  Nergalle (Orc:2)
  A fire crab (Abyss:3)
  7 naga ritualists
  2 sea snakes
  A spark wasp zombie (Crypt:1)
  3 unseen horrors
  8 swamp dragons
  A torturous demonspawn (Depths:3)
  33 deep trolls
  19 orc knights
  12 deep elf archers
  An anaconda skeleton (Crypt:3)
  10 flayed ghosts
  6 wizards
  12 phantasmal warriors
  18 necromancers
  55 deep elf magi
  7 harpies
  A shining eye (Abyss:3)
  3 golden dragon skeletons
  9 mana vipers
  3 wolf spiders
  2 wolf spider zombies
  18 ironbrand convokers
  7 oklob plants
  44 ugly things
  14 orc sorcerers
  12 salamanders
  An iron dragon zombie (Crypt:3)
  A frost giant zombie (Crypt:3)
  5 cyclopes
  4 worldbinders (Abyss:3)
  5 manticores
  A tengu skeleton (Vaults:3)
  A stone giant skeleton (Vaults:3)
  Joseph (D:8)
  17 vault sentinels
  A guardian serpent (shapeshifter) (Vaults:4)
  4 fire giant skeletons
  A guardian serpent (Snake:4)
  3 rust devils
  18 elephants
  4 apocalypse crabs (Abyss:3)
  3 orange demons
  An ice statue (IceCv)
  39 black mambas
  2 shock serpent skeletons (Crypt:1)
  A frost giant skeleton (Vaults:3)
  2 gargoyles
  29 naga magi
  19 spiny frogs
  8 rime drakes
  2 dire elephant skeletons (Crypt:3)
  5 kobold demonologists
  A demonic crawler (Abyss:3)
  9 smoke demons
  54 yaktaurs
  6 freezing wraiths
  An efreet (D:9)
  5 komodo dragons
  A yaktaur (shapeshifter) (Depths:3)
  An iron troll zombie (Crypt:2)
  2 ice devils (D:15)
  2 yaktaur skeletons (Vaults:3)
  A red devil (Depths:3)
  9 human skeletons
  7 tengu conjurers
  11 ancient zymes
  A hellwing (Abyss:3)
  A wind drake (Lair:6)
  A hydra zombie (Crypt:2)
  16 polar bears
  2 queen bees (shapeshifter)
  9 tyrant leeches
  A meliai (D:9)
  20 hornets
  Grinder (D:3)
  13 trolls
  42 slime creatures
  33 raiju
  A meliai zombie (D:14)
  4 blink frogs (Swamp:3)
  5 bog bodies
  12 hippogriffs
  An alligator zombie (Crypt:1)
  A snapping turtle (shapeshifter) (Depths:5)
  2 centaur simulacra
  26 flying skulls
  2 ettin skeletons (Vaults:3)
  2 fire dragon zombies
  A stone giant simulacrum (Vaults:2)
  Sigmund (D:2)
  6 air elementals
  A black mamba zombie (Crypt:2)
  A tarantella (shapeshifter) (D:15)
  An alligator skeleton (Crypt:1)
  4 water elementals
  8 wraiths
  An ice dragon skeleton (Crypt:3)
  2 vampires
  9 spriggans
  A yak (shapeshifter) (Vaults:3)
  8 ynoxinuls
  3 fire elementals
  5 wyverns
  A spriggan (shapeshifter) (Vaults:2)
  6 hogs (Elf:1)
  2 fire bats (Abyss:3)
  4 basilisks
  6 chaos spawn
  A human (D:13)
  54 yaks
  8 shadows
  A steam dragon (D:9)
  A yaktaur simulacrum (Vaults:2)
  26 large abominations
  5 hungry ghosts
  6 golden eyes (Abyss:3)
  3 golden eyes (shapeshifter)
  13 vampire mosquitoes
  6 neqoxecs
  10 wargs
  13 swamp worms
  48 nagas
  5 insubstantial wisps (Swamp:4)
  A swamp worm (shapeshifter) (Depths:4)
  4 spatial vortices
  4 acid dragons
  6 hell hounds
  16 water moccasins
  2 deep troll skeletons
  5 ice beasts
  47 orc warriors
  8 porcupines
  A monstrous demonspawn skeleton (Crypt:1)
  4 eyes of draining
  13 swamp drakes
  6 sky beasts
  3 phantoms
  8 necrophages
  43 ogres
  8 boggarts
  2 centaurs
  13 crocodiles
  29 small abominations
  12 wolves
  An elf skeleton (Vaults:3)
  A swamp dragon skeleton (Crypt:3)
  A human zombie (Vaults:3)
  6 big kobolds
  13 bullfrogs
  2 earth elementals
  A glowing shapeshifter simulacrum (Vaults:1)
  A komodo dragon skeleton (Crypt:1)
  A water moccasin zombie (Crypt:2)
  A wyvern zombie (D:14)
  5 scorpions
  A human simulacrum (Vaults:3)
  21 killer bees
  21 wights
  An electric eel (Elf:1)
  5 howler monkeys
  3 centaur zombies
  A wolf skeleton (Crypt:2)
  4 lava snakes (Snake:1)
  8 crimson imps
  30 starcursed masses
  6 quasits
  A bullfrog zombie (D:7)
  5 hounds
  3 bullfrog skeletons
  4 centaur skeletons
  A gnoll shaman (D:4)
  4 iron imps
  10 jellies
  A demonspawn skeleton (Crypt:1)
  24 orc priests
  48 orc wizards
  Ijyb (D:3)
  Terence (D:1)
  2 iguanas
  14 worker ants
  A deep dwarf skeleton (Crypt:2)
  A hound skeleton (D:9)
  2 worker ant zombies
  13 gnolls
  18 adders
  5 shadow imps
  2 white imps
  2 ufetubi (Abyss:3)
  2 oozes
  An adder zombie (D:9)
  An adder skeleton (D:6)
  3 worms
  3 dart slugs
  A leopard gecko (D:1)
  97 orcs
  16 bats
  10 giant cockroaches
  15 goblins
  5 hobgoblins
  7 jackals
  20 kobolds
  3 quokkas
  5 ball pythons
  A ball python zombie (Crypt:2)
  3 frilled lizards
  A frilled lizard zombie (Crypt:2)
  A jackal skeleton (D:5)
  A leopard gecko skeleton (Crypt:2)
  7 rats
  A rat skeleton (Crypt:1)
  A bush (Depths:1)
  2 crawling corpses (Elf:3)
  A lurking horror (Abyss:3)
  9 plants
  3 starspawn tentacles
  4 tentacles (Abyss:3)
2497 creatures vanquished.

Vanquished Creatures (others)
  A lich (Depths:3)
  Asterion (Snake:2)
  2 deep elf master archers (Elf:3)
  Kirke (Elf:1)
  A stone giant (Depths:3)
  An ice dragon (Depths:3)
  A yaktaur captain (Depths:5)
  2 deep elf archers
  A necromancer (Depths:3)
  2 deep elf magi
  A spiny frog (Swamp:2)
  4 yaktaurs
  A hornet (D:9)
  A raiju (Abyss:3)
  A slime creature (Swamp:2)
  A ynoxinul (Abyss:3)
  2 golden eyes (Abyss:3)
  A human (Elf:1)
  A redback simulacrum (D:15)
  A warg (D:15)
  A spiny frog zombie (Abyss:2)
  A hell hound (Abyss:3)
  A swamp drake (Swamp:2)
  An orc warrior (D:13)
  3 small abominations (Abyss:3)
  2 starcursed masses (Abyss:3)
  A kobold (D:9)
  53 bushes (Depths:1)
  16 fungi
  4 lurking horrors
  12 plants
  25 starspawn tentacles
  8 tentacles (Abyss:3)
155 creatures vanquished.

Grand Total: 2652 creatures vanquished

Notes
Turn   | Place    | Note
-------+----------+-------------------------------------------
     0 | D:1      | toffzen the Mummy Fighter began the quest for the Orb.
     0 | D:1      | Reached XP level 1. HP: 18/18 MP: 1/1
   108 | D:1      | Reached XP level 2. HP: 22/24 MP: 2/2
   638 | D:1      | Reached XP level 3. HP: 29/29 MP: 3/3
   935 | D:2      | Noticed Sigmund
  1393 | D:2      | Noticed Terence
  1575 | D:3      | Noticed Grinder
  1615 | D:2      | Found a hide-covered altar of Uskayaw.
  1671 | D:2      | Reached XP level 4. HP: 37/37 MP: 4/4
  1705 | D:2      | Found a faded altar of an unknown god.
  1798 | D:2      | Found a basalt altar of Yredelemnul.
  1799 | D:2      | Found an ornate altar of the Wu Jian Council.
  1949 | D:1      | Killed Terence
  2166 | D:2      | Reached skill level 4 in Fighting
  2551 | D:3      | Paralysed by Grinder for 4 turns
  2562 | D:3      | Paralysed by Grinder for 3 turns
  2569 | D:3      | Paralysed by Grinder for 5 turns
  2577 | D:3      | Killed Grinder
  2577 | D:3      | Reached XP level 5. HP: 13/43 MP: 5/5
  2577 | D:3      | Reached XP level 6. HP: 15/49 MP: 6/6
  2835 | D:3      | Noticed Ijyb
  2844 | D:3      | Killed Ijyb
  3309 | D:3      | Reached skill level 5 in Fighting
  3309 | D:3      | Reached skill level 5 in Maces & Flails
  3717 | D:3      | Found a shimmering altar of Xom.
  4215 | D:4      | Reached XP level 7. HP: 51/56 MP: 7/7
  4702 | D:4      | Found Ifayrruh's Antique Weapon Shoppe.
  5300 | D:5      | Entered Level 5 of the Dungeon
  5845 | D:5      | Found Jeidaipe's Book Boutique.
  5935 | D:5      | Found a staircase to the Ecumenical Temple.
  5945 | Temple   | Entered the Ecumenical Temple
  6088 | Temple   | Became a worshipper of Warmaster Okawaru
  6347 | D:5      | Reached skill level 6 in Fighting
  6751 | D:6      | Noticed a hippogriff
  6813 | D:5      | Reached XP level 8. HP: 59/64 MP: 4/8
  7789 | D:5      | Killed a hippogriff
  7789 | D:5      | Reached * piety under Okawaru
  7789 | D:5      | Reached skill level 7 in Fighting
  8002 | D:6      | Reached skill level 1 in Invocations
  8370 | D:6      | Found a stormy altar of Qazlal.
  8976 | D:8      | Reached XP level 9. HP: 70/72 MP: 10/10
  8992 | D:8      | Noticed a cyclops
  9421 | D:7      | Reached ** piety under Okawaru
  9729 | D:7      | Found a shadowy altar of Dithmenos.
 10309 | D:7      | Reached skill level 8 in Fighting
 10505 | D:8      | Noticed Joseph
 10533 | D:8      | Killed Joseph
 10669 | D:8      | Killed a cyclops
 10669 | D:8      | Reached *** piety under Okawaru
 10741 | D:8      | Found Jioji's Book Boutique.
 10815 | D:8      | Received a gift from Okawaru
 11129 | D:8      | Found a staircase to the Lair.
 11145 | D:7      | Reached XP level 10. HP: 45/82 MP: 8/11
 11390 | D:8      | Reached skill level 10 in Maces & Flails
 11718 | D:8      | Reached skill level 9 in Fighting
 11999 | D:8      | Reached skill level 1 in Dodging
 12751 | D:9      | Found a staircase to the Orcish Mines.
 12852 | D:9      | Reached **** piety under Okawaru
 13302 | D:9      | Found an ancient bone altar of Kikubaaqudgha.
 13363 | D:9      | Got an encrusted quarterstaff
 13375 | D:8      | Identified the cursed +1 quarterstaff of Qoicuatt {speed,
                  | rElec rN+} (You found it on level 9 of the Dungeon)
 13477 | D:9      | Noticed a tengu warrior
 13556 | D:9      | Reached skill level 10 in Fighting
 13870 | D:9      | Found a runed translucent door.
 13954 | D:9      | Found a runed translucent door.
 13955 | D:9      | Found a runed translucent door.
 14012 | D:9      | Noticed an orange demon
 14018 | D:9      | Noticed an orange demon
 14228 | D:9      | Reached XP level 11. HP: 90/90 MP: 14/14
 14370 | D:9      | Reached ***** piety under Okawaru
 14482 | D:9      | Identified the amulet of Yhyununu {Faith Int+3}
 14497 | D:9      | Noticed a six-headed hydra
 14503 | D:9      | Killed a six-headed hydra
 14839 | D:9      | Identified the +7 chain mail of the Blue Moon {rC- Int+7}
 14858 | D:9      | Received a gift from Okawaru
 14859 | D:9      | Got a smoking hand crossbow {god gift}
 14894 | D:9      | Identified the +5 hand crossbow of Okawaru's Displeasure
                  | {venom, rElec rPois Str-4 Int+7} (Okawaru gifted it to you
                  | on level 9 of the Dungeon)
 15141 | D:9      | Identified the Catalogue of Creative Ignition
 15147 | D:9      | Identified the Tome of the Escort and Augmentations
 15830 | D:10     | Entered Level 10 of the Dungeon
 16173 | D:9      | Reached skill level 5 in Invocations
 16568 | D:10     | Found a runed translucent gate.
 16568 | D:10     | Found a runed translucent gate.
 16569 | D:10     | Found a runed translucent gate.
 16572 | D:10     | Noticed Borgoz's ghost (novice GrFi)
 16600 | D:9      | Reached skill level 5 in Dodging
 16698 | D:10     | Noticed Urug
 16976 | D:10     | Killed Urug
 17351 | Lair:1   | Entered Level 1 of the Lair of Beasts
 17700 | Lair:1   | Noticed a four-headed hydra
 17710 | Lair:1   | Killed a four-headed hydra
 17710 | Lair:1   | Reached skill level 5 in Armour
 17710 | Lair:1   | Reached skill level 5 in Shields
 17911 | Lair:1   | Reached skill level 1 in Crossbows
 18776 | Lair:1   | Received a gift from Okawaru
 19151 | Lair:1   | Reached XP level 12. HP: 50/97 MP: 15/15
 19927 | Lair:2   | Received a gift from Okawaru
 19927 | Lair:2   | Reached skill level 5 in Crossbows
 20607 | Lair:2   | Reached skill level 11 in Fighting
 20802 | Lair:3   | Found a staircase to the Snake Pit.
 20883 | Lair:3   | Found a staircase to the Swamp.
 21640 | Lair:3   | Received a gift from Okawaru
 21737 | Lair:3   | Noticed a catoblepas
 21766 | Lair:3   | Killed a catoblepas
 21766 | Lair:3   | Reached skill level 12 in Fighting
 22304 | Lair:4   | Noticed a six-headed hydra
 22313 | Lair:4   | Killed a six-headed hydra
 22595 | Lair:4   | Noticed Snorg
 22605 | Lair:4   | Killed Snorg
 23224 | Lair:5   | Gained mutation: You are in touch with the powers of death.
                  | [Mummy growth]
 23224 | Lair:5   | Reached XP level 13. HP: 109/109 MP: 16/16
 23268 | Lair:5   | Noticed Nessos
 23277 | Lair:5   | Killed Nessos
 24047 | Lair:6   | Entered Level 6 of the Lair of Beasts
 24788 | Lair:6   | Reached skill level 13 in Fighting
 25542 | Lair:5   | Received a gift from Okawaru
 25975 | Lair:6   | Received a gift from Okawaru
 25976 | Lair:6   | Got a dazzling hunting sling {god gift}
 26019 | Lair:5   | Identified the +9 hunting sling of Fumukk {venom, rElec
                  | rPois MR- Int+4} (Okawaru gifted it to you on level 6 of
                  | the Lair of Beasts)
 27502 | Lair:6   | Received a gift from Okawaru
 27503 | Lair:6   | Found the +7 Spriggan's Knife {stab, EV+4 Stlth+}
 27791 | Lair:6   | Reached XP level 14. HP: 112/119 MP: 17/17
 27910 | Lair:6   | Reached skill level 14 in Fighting
 28065 | Lair:6   | Found a staircase to the Slime Pits.
 29904 | D:12     | Noticed a tengu reaver
 29948 | D:11     | Killed a tengu reaver
 29948 | D:11     | Received a gift from Okawaru
 32131 | D:13     | Reached skill level 15 in Fighting
 32685 | D:13     | Reached skill level 10 in Shields
 33346 | D:13     | Noticed Jorgrun
 33362 | D:13     | Killed Jorgrun
 33625 | D:13     | Found a gate to the Vaults.
 33659 | D:13     | Received a gift from Okawaru
 33932 | Orc:1    | Entered Level 1 of the Orcish Mines
 34742 | Orc:1    | Received a gift from Okawaru
 35049 | Orc:1    | Reached XP level 15. HP: 130/130 MP: 18/18
 35102 | Orc:1    | Noticed Fannar
 35122 | Orc:1    | Killed Fannar
 35298 | Orc:2    | Entered Level 2 of the Orcish Mines
 35454 | Orc:2    | Found a bloodstained altar of Trog.
 35722 | Orc:2    | Found a staircase to the Elven Halls.
 35726 | Orc:2    | Paralysed by an orc sorcerer for 4 turns
 35918 | Orc:2    | Paralysed by an orc sorcerer for 5 turns
 36118 | Orc:2    | Found a roughly hewn altar of Beogh.
 36252 | Orc:2    | Reached skill level 16 in Fighting
 36564 | Orc:2    | Found Refum's Magic Scroll Boutique.
 36603 | Orc:2    | Found an ancient bone altar of Kikubaaqudgha.
 36603 | Orc:2    | Noticed Nergalle
 36618 | Orc:2    | Killed Nergalle
 36781 | Orc:2    | Found Vitez's Gadget Boutique.
 36815 | Orc:2    | Received a gift from Okawaru
 36947 | Orc:2    | Found a radiant altar of Vehumet.
 37042 | Orc:2    | Found a roughly hewn altar of Beogh.
 37096 | Orc:2    | Found Ywohaa's Antique Weapon Boutique.
 37104 | Orc:2    | Found Kuowats's Antique Armour Shop.
 37121 | Orc:2    | Bought a runed morningstar for 126 gold pieces
 37121 | Orc:2    | Bought a warped hand crossbow for 153 gold pieces
 37121 | Orc:2    | Identified the cursed +3 hand crossbow of Earthquakes
                  | {penet, rC- rN+ Int+3} (You bought it in a shop on level 2
                  | of the Orcish Mines)
 37134 | Orc:2    | Bought a runed cloak for 165 gold pieces
 37149 | Orc:2    | Bought a glowing demon whip for 324 gold pieces
 37150 | Orc:2    | Bought a runed demon whip for 324 gold pieces
 37193 | Orc:2    | Bought a scroll of teleportation for 33 gold pieces
 37193 | Orc:2    | Bought a scroll of teleportation for 33 gold pieces
 37193 | Orc:2    | Bought a scroll of blinking for 82 gold pieces
 37193 | Orc:2    | Bought a scroll of fear for 38 gold pieces
 37680 | D:14     | Noticed Roxanne
 37885 | D:14     | Noticed Frances
 37926 | D:14     | Killed Frances
 38273 | D:14     | Found a deep blue altar of Sif Muna.
 38438 | D:14     | You fall through a shaft!
 38438 | D:15     | Entered Level 15 of the Dungeon
 39058 | D:15     | Found a frozen archway.
 39094 | IceCv    | Entered an ice cave
 39567 | IceCv    | Noticed a frost giant
 39592 | IceCv    | Killed a frost giant
 39885 | IceCv    | Found the +8 Wrath of Trog {antimagic, *Rage}
 40611 | D:15     | Noticed Azrael
 40622 | D:14     | Received a gift from Okawaru
 41111 | D:15     | Killed Azrael
 41596 | D:15     | Found Ifrusad's General Store.
 41665 | D:15     | Found a staircase to the Depths.
 41684 | D:15     | Reached XP level 16. HP: 107/140 MP: 14/19
 41907 | D:15     | Found a sacrificial altar of Ru.
 41991 | D:15     | Upgraded the game from 0.24-a0-136-gad582e5 to
                  | 0.24-a0-139-geb6712d
 42210 | Snake:1  | Entered Level 1 of the Snake Pit
 42598 | Snake:1  | Received a gift from Okawaru
 42816 | Snake:1  | You fall through a shaft!
 42818 | Snake:2  | Identified a scroll of acquirement
 43186 | Snake:1  | Reached skill level 17 in Fighting
 43350 | Snake:2  | Noticed Saint Roka
 43370 | Snake:2  | Killed Saint Roka
 43469 | Snake:2  | Got a polished plate armour
 43489 | Snake:1  | Identified the +2 plate armour of the Blue Moon {+Blink rC-
                  | SInv} (You acquired it on level 2 of the Snake Pit)
 43852 | Snake:2  | Noticed Donald
 43872 | Snake:2  | Killed Donald
 44411 | Snake:2  | Noticed Asterion
 44422 | Snake:2  | Killed Asterion
 44444 | Snake:2  | Received a gift from Okawaru
 45174 | Snake:3  | Noticed Aizul
 45451 | Snake:3  | Received a gift from Okawaru
 45478 | Snake:3  | Got a polished mace {god gift}
 45482 | Snake:2  | Identified the +1 mace "Vuluh" {venom, *Noise rElec rF+
                  | Int+5} (Okawaru gifted it to you on level 3 of the Snake
                  | Pit)
 46059 | Snake:3  | Reached ****** piety under Okawaru
 46059 | Snake:3  | Received a gift from Okawaru
 46239 | Snake:3  | Killed Aizul
 46573 | Snake:4  | Entered Level 4 of the Snake Pit
 47209 | Snake:4  | Reached XP level 17. HP: 149/149 MP: 20/20
 47395 | Snake:4  | Identified the +9 hunting sling of Guilt {freeze, Int+6}
 47400 | Snake:4  | Reached skill level 18 in Fighting
 48159 | Snake:4  | Received a gift from Okawaru
 49815 | Snake:4  | Received a gift from Okawaru
 50755 | Snake:4  | Received a gift from Okawaru
 50929 | Snake:4  | Reached skill level 19 in Fighting
 51301 | Snake:4  | Got a serpentine rune of Zot
 51899 | Swamp:1  | Entered Level 1 of the Swamp
 51899 | Swamp:1  | Found a sparkling altar of Nemelex Xobeh.
 52079 | Swamp:1  | Identified the +4 trident of Trauma {flame, rPois rC+
                  | Dex+5} (You found it on level 1 of the Swamp)
 52731 | Swamp:1  | Received a gift from Okawaru
 53555 | Swamp:2  | Received a gift from Okawaru
 53684 | Swamp:2  | Reached XP level 18. HP: 160/160 MP: 21/21
 53691 | Swamp:2  | Received a gift from Okawaru
 54072 | Swamp:2  | Noticed Louise
 54089 | Swamp:2  | Killed Louise
 55247 | Swamp:4  | Entered Level 4 of the Swamp
 55534 | Swamp:4  | Received a gift from Okawaru
 56718 | Swamp:4  | Reached skill level 20 in Fighting
 56723 | Swamp:4  | Noticed a tentacled monstrosity
 56811 | Swamp:4  | Killed a tentacled monstrosity
 57163 | Swamp:4  | Got a decaying rune of Zot
 57833 | D:2      | Found a hide-covered altar of Uskayaw.
 57862 | D:2      | Killed Sigmund
 58059 | D:2      | Found a basalt altar of Yredelemnul.
 58060 | D:2      | Found an ornate altar of the Wu Jian Council.
 58142 | D:2      | Found a faded altar of an unknown god.
 58580 | D:9      | Killed Borgoz's ghost
 58837 | Vaults:1 | Entered Level 1 of the Vaults
 59242 | Vaults:1 | Received a gift from Okawaru
 59265 | Vaults:1 | Reached skill level 15 in Shields
 59673 | Vaults:1 | Reached XP level 19. HP: 171/171 MP: 18/22
 60129 | Vaults:1 | Reached skill level 21 in Fighting
 60490 | Vaults:1 | Received a gift from Okawaru
 61197 | Vaults:1 | Received a gift from Okawaru
 62741 | Vaults:2 | Received a gift from Okawaru
 63019 | Vaults:2 | Identified the +2 arbalest of Incongruity {freeze, Dex+6}
                  | (Okawaru gifted it to you on level 2 of the Vaults)
 63215 | Vaults:2 | Reached skill level 22 in Fighting
 63215 | Vaults:2 | Reached skill level 10 in Armour
 63485 | Vaults:2 | Received a gift from Okawaru
 63807 | Vaults:2 | Received a gift from Okawaru
 63833 | Vaults:2 | Reached XP level 20. HP: 174/182 MP: 8/25
 64165 | Vaults:2 | Found Toatem's Antique Weapon Shoppe.
 64933 | Vaults:3 | Found a staircase to the Crypt.
 66952 | Vaults:3 | Received a gift from Okawaru
 66959 | Vaults:3 | Identified the +3 mace of Taemizon {chaos, rElec MR+ Dex+4}
                  | (Okawaru gifted it to you on level 3 of the Vaults)
 67693 | Vaults:4 | Reached skill level 10 in Dodging
 67708 | Vaults:4 | Reached skill level 23 in Fighting
 68462 | Vaults:4 | Received a gift from Okawaru
 68463 | Vaults:4 | Got a scorched morningstar {god gift}
 68467 | Vaults:4 | Identified the +8 morningstar of Chain {vamp, *Contam rC++
                  | Dex+2 Stlth+} (Okawaru gifted it to you on level 4 of the
                  | Vaults)
 69184 | Depths:1 | Entered Level 1 of the Depths
 69747 | Depths:1 | Reached XP level 21. HP: 193/193 MP: 26/26
 70440 | Depths:1 | Found a one-way gate to the infinite horrors of the Abyss.
 70888 | Depths:1 | HP: 5/194 [frost giant (illusionary)/bolt of cold (21)]
 71383 | Depths:1 | Received a gift from Okawaru
 71474 | Depths:1 | Found a gateway to Hell.
 71869 | Depths:1 | You fall through a shaft!
 72319 | Depths:1 | Reached skill level 24 in Fighting
 72375 | Depths:2 | Found a gateway to a ziggurat.
 73543 | Depths:2 | Received a gift from Okawaru
 73544 | Depths:2 | Got a transparent dire flail {god gift}
 73602 | Depths:2 | Identified the +6 dire flail "Ybaysk" {crush, *Rage MR+
                  | Str+4} (Okawaru gifted it to you on level 2 of the Depths)
 75021 | Depths:3 | Received a gift from Okawaru
 75189 | Depths:3 | You fall through a shaft for 2 floors!
 75189 | Depths:5 | Entered Level 5 of the Depths
 75272 | Depths:5 | Received a gift from Okawaru
 75396 | Depths:5 | Noticed Margery
 75401 | Depths:5 | Noticed Frederick
 75494 | Depths:5 | Killed Frederick
 75609 | Depths:5 | Received a gift from Okawaru
 75774 | Depths:5 | Reached XP level 22. HP: 192/204 MP: 18/27
 75872 | Depths:5 | Killed Margery
 76171 | Depths:5 | Received a gift from Okawaru
 76987 | Depths:3 | Found a one-way gate leading to the halls of Pandemonium.
 77492 | Depths:3 | Found Fawkes's Antique Weapon Boutique.
 77505 | Depths:3 | Found a corrupted altar of Lugonu.
 78128 | Depths:3 | Found the +6 Majin-Bo {vamp, Archmagi MP+6 Int+6}
 78608 | Depths:4 | Received a gift from Okawaru
 79135 | Depths:4 | Reached skill level 25 in Fighting
 80554 | Depths:5 | Reached XP level 23. HP: 137/213 MP: 16/28
 81457 | Depths:5 | Found a gate to the Realm of Zot.
 82185 | Elf:1    | Entered Level 1 of the Elven Halls
 82209 | Elf:1    | Found a radiant altar of Vehumet.
 82226 | Elf:1    | Received a gift from Okawaru
 82294 | Elf:1    | Noticed Qailihes's ghost (adept MiBe)
 82296 | Elf:1    | Found a transporter.
 82426 | Elf:1    | Found a transporter.
 82627 | Elf:1    | Noticed Kirke
 82649 | Elf:1    | Killed Kirke
 83306 | Elf:1    | Found Pagh's Jewellery Boutique.
 83306 | Elf:1    | Found Gilomn's Gadget Emporium.
 83307 | Elf:1    | Found Kucuboug's Gadget Emporium.
 83316 | Elf:1    | Bought a wand of digging (6) for 220 gold pieces
 83316 | Elf:1    | Bought a wand of digging (3) for 154 gold pieces
 83666 | Elf:2    | Found a runed translucent gate.
 83991 | Elf:2    | Received a gift from Okawaru
 84067 | Elf:2    | Found a runed translucent gate.
 84077 | Elf:2    | Found a runed translucent gate.
 86065 | Crypt:1  | Entered Level 1 of the Crypt
 88162 | Crypt:1  | Reached skill level 26 in Fighting
 88406 | Crypt:2  | Found a large runed translucent door.
 88407 | Crypt:2  | Found a large runed translucent door.
 88646 | Crypt:2  | Noticed Cumameil's ghost (adept GrFi)
 89054 | Crypt:2  | Found an ancient bone altar of Kikubaaqudgha.
 89564 | Crypt:2  | Reached XP level 24. HP: 223/223 MP: 28/28
 89728 | Crypt:3  | Entered Level 3 of the Crypt
 91690 | Elf:3    | Entered Level 3 of the Elven Halls
 91745 | Elf:3    | Got a pair of slimy gloves
 91751 | Elf:2    | Identified the +2 pair of gloves "Ceuxzeod" {MR+} (You
                  | found it on level 3 of the Elven Halls)
 91784 | Elf:3    | Received a gift from Okawaru
 91870 | Elf:3    | Found a runed translucent door.
 91870 | Elf:3    | Noticed Arthanis's ghost (adept DEFE)
 94403 | Elf:3    | Identified the +12 mace of the Pits of Slime {pain, rElec
                  | MR+ Int+5}
 94403 | Elf:3    | Identified the ring "Gakhlauf" {Fire rPois MP+9 Str+2
                  | Stlth+}
 94525 | Elf:3    | Received a gift from Okawaru
 94790 | Elf:3    | Learned a level 1 spell: Animate Skeleton
 94874 | Elf:3    | Identified the -1 buckler "Niufig" {rC- Str+3 Stlth+}
 94882 | Elf:3    | Identified the ring of the Endless Scars {+Blink Stlth-}
 95056 | Elf:3    | Identified the +3 hunting sling of Extremism {velocity,
                  | rElec MR+} (You found it on level 3 of the Elven Halls)
 95082 | Elf:3    | Identified the +1 ring mail "Zuneh" {Int+4} (You found it
                  | on level 3 of the Elven Halls)
 95282 | Elf:3    | Found the +3 giant club "Skullcrusher" {speed, Str+7}
 95549 | Elf:3    | Killed Arthanis's ghost
 95917 | Depths:1 | Voluntarily entered the Abyss.
 95975 | Abyss:3  | Found a basalt altar of Yredelemnul.
 96001 | Abyss:3  | Reached skill level 1 in Necromancy
 96881 | Abyss:3  | Reached skill level 5 in Necromancy
 97007 | Abyss:3  | Paralysed by accursed screaming for 2 turns
 97022 | Abyss:3  | Paralysed by accursed screaming for 1 turns
 97835 | Abyss:3  | Found a corrupted altar of Lugonu.
 98155 | Abyss:3  | Received a gift from Okawaru
 98518 | Abyss:3  | Received a gift from Okawaru
 98794 | Abyss:3  | Reached XP level 25. HP: 178/232 MP: 24/28
 98803 | Abyss:3  | Reached skill level 27 in Fighting
 99025 | Abyss:3  | Received a gift from Okawaru
 99029 | Abyss:3  | Got a bloodstained cloak {god gift}
 99033 | Abyss:3  | Identified the +3 cloak of Generosity {rPois rC- MP+9}
                  | (Okawaru gifted it to you on level 3 of the Abyss)
 99471 | Abyss:4  | Found a corrupted altar of Lugonu.
 99550 | Abyss:4  | Reached skill level 10 in Necromancy
 99641 | Abyss:5  | Entered Level 5 of the Abyss
 99641 | Abyss:5  | Entered Level 5 of the Abyss
 99647 | Depths:1 | Escaped the Abyss
101498 | Crypt:3  | Found a staircase to the Tomb.
101521 | Crypt:3  | Identified the Reference Book on Stolen Souls
102008 | Crypt:3  | Cast into level 2 of the Abyss (+5 hand axe of distortion)
102145 | Abyss:2  | Paralysed by accursed screaming for 1 turns
103032 | Abyss:2  | Lost intelligence.
103106 | Abyss:2  | Lost intelligence.
103130 | Abyss:2  | Lost intelligence.
103174 | Crypt:3  | Escaped the Abyss
103309 | Crypt:3  | Received a gift from Okawaru
103416 | Crypt:3  | Lost intelligence.
103764 | Crypt:3  | Noticed an ancient lich
103803 | Crypt:3  | HP: 3/234 [Ice Fiend/bolt of cold[an ancient lich] (13)]
103805 | Crypt:3  | Killed from afar by an Ice Fiend

Levels and vault maps discovered:
D:1:      dpeg_arrival_ternary, layout_basic, minmay_pentomino_q4
D:2:      layout_loops_cross, marbit_many_paths,
          gammafunk_temple_overflow_pools, chequers_ecumenical_altar_twisty,
          first_ration, kennysheep_pointless_box, uniq_sigmund, uniq_terence
D:3:      kennysheep_goblin_castle, layout_basic, portal_sewer_entry_d,
          xom_teletrap_fun, uniq_grinder
D:4:      layout_basic, serial_shops, nicolae_shop_stone
D:5:      layout_basic, minmay_temple_entry_glassed_door, serial_shops,
          nicolae_shop_stone, minivault_5
D:6:      layout_rooms, kennysheep_mini_moat
D:7:      layout_basic, nicolae_overflow_crystal_walls
D:8:      layout_loops_cross, erik_lair_orcish_takeover, serial_shops, shop,
          grunt_ogre_cave, uniq_joseph
D:9:      minmay_the_grid_triangle_9x9_rhombus_full
          [minmay_the_grid_triangle_9x9_semitri,
          minmay_the_grid_triangle_9x9_skeleton,
          minmay_the_grid_triangle_9x9_subtriangle,
          minmay_the_grid_triangle_9x9_tough_junction,
          minmay_the_grid_triangle_9x9_from_above,
          minmay_the_grid_triangle_9x9_corrupted_corridor,
          minmay_the_grid_triangle_9x9_odd_lines,
          minmay_the_grid_triangle_9x9_prize_insulated], layout_cave_pools,
          kennysheep_little_box, david_orc_3
D:10:     layout_cross, gammafunk_ghost_spectres, uniq_urug
D:11:     layout_loops_ring
D:12:     hourglass_vault, layout_cave_pods
D:13:     layout_roguey, grunt_vaults_entry_fortified, uniq_jorgrun
D:14:     layout_basic, basic_altar, uniq_roxanne, uniq_frances
D:15:     gammafunk_enter_depths_forms, layout_cave_pools,
          portal_ice_cave_demonic_guard, serial_shops,
          nicolae_shop_window_shopping, nicolae_ru_path_of_blood, uniq_azrael
Temple:   eino_temple_rhombus
Lair:1:   layout_cave_pods, grunt_megastairs_2, infiniplex_staircase_pool,
          serial_bayou_shore_a
Lair:2:   layout_roguey, minmay_lair_oklob_chamber
Lair:3:   layout_regular_city, swamp_mist_pool, guppyfry_snake_entry_island,
          chequers_serial_rivers_room_b, minivault_27, serial_bayou_pond_b,
          chequers_serial_rivers_micro_e, grunt_megastairs_4
Lair:4:   layout_cave_pods, uniq_snorg
Lair:5:   layout_gridlike, dpeg_oklob_1, lemuel_fruit_tree, uniq_nessos
Lair:6:   gammafunk_lair_ancient_temple, layout_gridlike,
          minmay_slime_entry_pillars
Swamp:1:  layout_basic_swamp, basic_altar
Swamp:2:  layout_falls_marsh, evilmike_swamp_ruin_house_3, swamp_pool5,
          st_swamp_ruins_2, uniq_louise
Swamp:3:  layout_falls_marsh, nicolae_swamp_fairy_circle, swamp_pool5
Swamp:4:  swamp_vile, layout_basic_swamp, swamp_pool5, hangedman_swamp_pad
Snake:1:  layout_gridlike, nicolae_snake_lava_pool
Snake:2:  layout_honeycomb, uniq_donald, uniq_saint_roka, uniq_asterion
Snake:3:  nicolae_snake_hallway, layout_onion, uniq_aizul
Snake:4:  snake_pit, layout_chambers
Orc:1:    layout_caves, uniq_fannar
Orc:2:    kennysheep_orc_mage_school, layout_diamond_mine, basic_altar,
          mines1_david
Elf:1:    eino_elf_arrival_altar, layout_gridlike, gammafunk_ghost_arena,
          hangedman_elf_disciples, fountainhead, minmay_shop_grove, uniq_kirke
Elf:2:    layout_loops_ring
Elf:3:    elf_hall_gauntlet_wide, layout_loops_ring, gammafunk_ghost_grave
Vaults:1: hangedman_vaults_pinch, v_misc_29, nicolae_vaults_quadrants,
          v_misc_33, v_misc_29, ontoclasm_vaults_spin, hangedman_vaults_impose,
          nicolae_vaults_ring_of_whatevers, v_misc_8, vaults_dpeg_encased_lava,
          grunt_vaults_hallway_short, nicolae_vaults_yaktaur_gun_rack,
          layout_vaults_omnicross
Vaults:2: v_misc_9, hangedman_vaults_restitches, v_misc_5, nicolae_vaults_theta,
          vaults_mumra_bighexcomb, nicolae_vaults_angled_halls,
          nicolae_vaults_what_the_h, v_misc_17, v_misc_19, vaults_mumra_hex,
          nicolae_vaults_little_squares_1, grunt_vaults_bifocal,
          ontoclasm_vaults_decontamination, grunt_vaults_funnel,
          vaults_dpeg_ring, layout_vaults_omnibox, serial_shops, shop_coins
Vaults:3: vaults_mumra_chevron_long, grunt_vaults_hallway_short,
          minmay_crypt_entry_skeletal_spiral, v_misc_18, st_smaller_cells,
          hangedman_vaults_stream, nicolae_vaults_little_squares_4,
          layout_vaults_omnigrid, mu_enter_wizlab_3
Vaults:4: ontoclasm_vaults_idyll, vaults_room_large_hall, vaults_mumra_hexcomb,
          grunt_vaults_hallway_long, hangedman_vaults_unwind, v_misc_23,
          vaults_room_stairs_pillars, nicolae_vaults_little_squares_4,
          nicolae_vaults_diagonal_hallway_6, vaults_mumra_lcd,
          nicolae_vaults_little_squares_2, ontoclasm_vaults_chip,
          layout_vaults_big_room
Crypt:1:  layout_chaotic_city
Crypt:2:  layout_basic, basic_altar, ebering_ghost_disaster_area,
          serial_sigils_hangedman_leer
Crypt:3:  cryptofortress_bobbens
Depths:1: layout_roguey, hangedman_abyss_entry_splay, minmay_hedge_maze,
          grunt_hell_entry_dis_grunt, st_stairs_6,
          hangedman_decor_diamond_cutter, evilmike_butchery,
          serial_bayou_shore_b
Depths:2: kennysheep_blocky_room, layout_cave_shapes, enter_ziggurat_c,
          hell_entry, minmay_misc_feat_x, serial_rivers,
          chequers_serial_rivers_small_a, chequers_serial_rivers_micro_b,
          chequers_serial_rivers_micro_d, chequers_serial_rivers_room_a,
          chequers_serial_rivers_micro_d, chequers_serial_rivers_small_3,
          kennysheep_generic_room_3
Depths:3: minmay_guarded_unrand_majin_bo, layout_basic, abyss_entry_flame_altar,
          serial_shops, shop, rand_demon_pan_entry_8, minmay_misc_feat_plants,
          pf_coc_iceberg, st_stairs_11, infiniplex_staircase_star
Depths:4: cheibrodos_quadrivalence, layout_gridlike,
          abyss_entry_small_statue_room, pf_hell_entry_tar_spiral,
          infiniplex_staircase_pool_2
Depths:5: evilmike_zot_entry_diamond, layout_small_grid, lightli_too_deep,
          serial_sigils_hangedman_quiver,
          nicolae_abyss_entry_one_way_or_another, serial_bayou_shore_b,
          grunt_megastairs_1, uniq_margery, uniq_frederick
Abyss:1
Abyss:2:  abyss_furniture_001
Abyss:3:  guppyfry_abyss_exit_glass_guarded,
          evilmike_nicolae_abyss_rune_betentacled_crabyss
Abyss:4:  grunt_abyss_rune_wretched_hive
Abyss:5:  evilmike_abyss_exit_11, hangedman_abyss_feature_spike,
          evilmike_abyss_rune_tso_outpost, evilmike_abyss_exit_12
IceCv:    ice_cave_small_giant

Skill      XL: |  1  2  3  4  5  6  7  8  9 10 11 12 13 14 15 16 17 18 19 20 21 22 23 24 25 |
---------------+----------------------------------------------------------------------------+-----
Maces & Flails | 2 3 4 5 6 8 9 10 12 | 12.0
Fighting       | 4 5 6 7 8 10 12 13 15 16 17 19 20 22 23 24 25 26 27 | 27.0
Invocations    | 1 2 4 5 7 |  7.0
Dodging        | 4 5 6 7 10 11 13 14 | 14.9
Armour         | 5 7 9 10 11 12 13 14 | 14.5
Shields        | 5 6 8 10 12 13 15 | 15.3
Crossbows      | 4 6 8 |  8.0
Necromancy     | 8 11 | 11.9

Action                   |  1- 3 |  4- 6 |  7- 9 | 10-12 | 13-15 | 16-18 | 19-21 | 22-24 | 25-27 || total
-------------------------+-------+-------+-------+-------+-------+-------+-------+-------+-------++-------
Melee: Flail             |   139 |   206 |   267 |       |       |       |       |       |       ||   612
       Morningstar       |       |       |   188 |   871 |   335 |       |       |       |       ||  1394
       Hunting sling     |       |       |     2 |       |       |       |       |       |       ||     2
       Demon whip        |       |       |       |       |   597 |  2236 |  2956 |  2552 |     4 ||  8345
       Hand crossbow     |       |       |       |       |     1 |       |       |     1 |       ||     2
       Mace              |       |       |       |       |       |       |       |   699 |  1067 ||  1766
 Fire: Hunting sling     |       |    49 |   199 |    59 |   141 |   711 |       |       |       ||  1159
       Hand crossbow     |       |       |       |   167 |  1061 |   435 |   760 |  1184 |   143 ||  3750
Throw: Stone             |       |     4 |     1 |     5 |       |       |       |       |       ||    10
Invok: Heroism           |       |       |     5 |    19 |    42 |    16 |    32 |    53 |    11 ||   178
       Finesse           |       |       |       |       |     1 |       |     2 |     3 |     1 ||     7
Evoke: Wand              |       |       |       |       |     2 |       |     2 |       |       ||     4
  Use: Scroll            |     3 |     3 |     5 |     9 |    11 |    12 |    23 |    14 |     3 ||    83
 Stab: Confused          |       |       |       |       |       |     2 |       |       |       ||     2
       Distracted        |       |       |       |       |       |       |       |     1 |     1 ||     2
       Invisible         |       |       |       |       |       |       |       |       |     2 ||     2
       Petrifying        |       |       |       |       |       |       |       |       |     1 ||     1
       Paralysed         |       |       |       |       |       |       |       |       |     1 ||     1
Armor: Scale mail        |    85 |   115 |   102 |       |       |       |       |       |       ||   302
       Ring mail         |       |       |    83 |    45 |       |       |       |       |       ||   128
       Plate armour      |       |       |       |   354 |   628 |   911 |   716 |   687 |   302 ||  3598
Dodge: Dodged            |    47 |    77 |   143 |   251 |   539 |  1002 |  1049 |  1365 |   422 ||  4895
Block: Shield            |    80 |   136 |   236 |   585 |  1057 |  1579 |  1750 |  1494 |       ||  6917
       Reflection        |       |       |       |    18 |    32 |       |    28 |   110 |       ||   188
       Large shield      |       |       |       |       |       |       |       |  1148 |  1129 ||  2277

Table legend:
 A = Non-vault XP
 B = Vault XP
 C = Vault XP percentage of total XP
 D = Non-vault monster count
 E = Vault monster count
 F = Vault count percentage of total count
                 A         B        C        D         E       F
            +---------+---------+-------+---------+---------+-------
      Total |  809432 |  437044 |  35.1 |    1781 |     716 |  28.7
            +---------+---------+-------+---------+---------+-------
        D:1 |      34 |      49 |  59.0 |      20 |       5 |  20.0
        D:2 |      84 |     229 |  73.2 |      25 |       2 |   7.4
        D:3 |     137 |     351 |  71.9 |      20 |      14 |  41.2
        D:4 |     320 |       0 |   0.0 |      23 |       0 |   0.0
        D:5 |     945 |       0 |   0.0 |      32 |       0 |   0.0
        D:6 |     629 |       0 |   0.0 |      17 |       0 |   0.0
        D:7 |    1384 |     170 |  10.9 |      30 |       1 |   3.2
        D:8 |    1944 |    1036 |  34.8 |      18 |       8 |  30.8
        D:9 |    4336 |    6593 |  60.3 |      58 |      36 |  38.3
       D:10 |    1140 |    1028 |  47.4 |      19 |       2 |   9.5
       D:11 |    3463 |    1971 |  36.3 |      15 |       1 |   6.2
       D:12 |    7679 |    2288 |  23.0 |      37 |       8 |  17.8
       D:13 |    9638 |    9639 |  50.0 |      25 |      11 |  30.6
       D:14 |    8126 |    4031 |  33.2 |      28 |       7 |  20.0
       D:15 |   13228 |    5987 |  31.2 |      40 |      11 |  21.6
     Lair:1 |    5971 |     639 |   9.7 |      18 |       3 |  14.3
     Lair:2 |    4427 |    1054 |  19.2 |      21 |       2 |   8.7
     Lair:3 |    7336 |    2640 |  26.5 |      24 |      12 |  33.3
     Lair:4 |    1098 |    1112 |  50.3 |       2 |       1 |  33.3
     Lair:5 |    8536 |    8958 |  51.2 |      24 |      19 |  44.2
     Lair:6 |    7733 |    6897 |  47.1 |      20 |      20 |  50.0
    Swamp:1 |   12675 |       0 |   0.0 |      26 |       0 |   0.0
    Swamp:2 |    7341 |    5942 |  44.7 |      22 |       7 |  24.1
    Swamp:3 |   12759 |     332 |   2.5 |      25 |       3 |  10.7
    Swamp:4 |   11820 |   20189 |  63.1 |      31 |      31 |  50.0
    Snake:1 |    2233 |    1198 |  34.9 |       7 |      12 |  63.2
    Snake:2 |    7911 |    8966 |  53.1 |      18 |      14 |  43.8
    Snake:3 |   22317 |   12013 |  35.0 |      38 |      19 |  33.3
    Snake:4 |   34746 |   24968 |  41.8 |      62 |      41 |  39.8
      Orc:1 |    4412 |     981 |  18.2 |      42 |       1 |   2.3
      Orc:2 |    4709 |    7287 |  60.7 |      43 |      34 |  44.2
      Elf:1 |   11097 |   10819 |  49.4 |      20 |      23 |  53.5
      Elf:2 |   16838 |   26942 |  61.5 |      27 |      33 |  55.0
      Elf:3 |   19864 |   31587 |  61.4 |      32 |      21 |  39.6
   Vaults:1 |   32302 |   18939 |  37.0 |      63 |      32 |  33.7
   Vaults:2 |   45807 |   32472 |  41.5 |      69 |      51 |  42.5
   Vaults:3 |   30479 |   26599 |  46.6 |      69 |      40 |  36.7
   Vaults:4 |   23378 |   15976 |  40.6 |      28 |      17 |  37.8
    Crypt:1 |   39949 |       0 |   0.0 |      51 |       0 |   0.0
    Crypt:2 |   20821 |    9127 |  30.5 |      39 |      18 |  31.6
    Crypt:3 |       0 |   39081 | 100.0 |       0 |      50 | 100.0
   Depths:1 |   43382 |    1064 |   2.4 |      48 |       2 |   4.0
   Depths:2 |   24625 |    9046 |  26.9 |      32 |       9 |  22.0
   Depths:3 |   45218 |   17588 |  28.0 |      63 |      17 |  21.2
   Depths:4 |   41235 |     980 |   2.3 |      47 |       1 |   2.1
   Depths:5 |   61178 |   46779 |  43.3 |      78 |      38 |  32.8
    Abyss:2 |   22506 |       0 |   0.0 |      55 |       0 |   0.0
    Abyss:3 |  107955 |    4062 |   3.6 |     211 |       3 |   1.4
    Abyss:4 |   13687 |       0 |   0.0 |      19 |       0 |   0.0
      IceCv |       0 |    9435 | 100.0 |       0 |      36 | 100.0
            +---------+---------+-------+---------+---------+-------
